 Dungeon Crawl Stone Soup version 0.29-a0-350-g7790a0e70a (webtiles) character file.

Game seed: 1214221516681538628

1302 spaghetti the Nimble (level 8, -1/58 HPs)
             Began as a Gnoll Wanderer on Apr 22, 2022.
             Was a Priest of Ashenzari.
             Slain by a komodo dragon (31 damage)
             ... on level 5 of the Dungeon.
             The game lasted 00:10:28 (4007 turns).

spaghetti the Nimble (Gnoll Wanderer)               Turns: 4007, Time: 00:10:28

Health: -1/58      AC:  5    Str:  9    XL:     8   Next: 57%
Magic:  14/17      EV: 15    Int: 16    God:    Ashenzari [***...]
Gold:   242        SH:  0    Dex: 12    Spells: 10/19 levels left

rFire   + . .      SeeInvis +   a - +2 shortbow of the Fated Chagrin {bow, Range, Elem} (curse)
rCold   . . .      Faith    .   (shield currently unavailable)
rNeg    . . .      Spirit   .   d - +0 robe of Desmomancy {Alch, Range} (curse)
rPois   .          Reflect  .   b - +0 helmet of Ashenzari's Seeker {Range, Alch} (curse)
rElec   .          Harm     .   (no cloak)
rCorr   .          Rampage  .   (no gloves)
Will    .....      Clarity  +   (no boots)
Stlth   ++........              (no amulet)
HPRegen 0.19/turn               o - ring "Prescient Doubts" {rF+, Elem, Comp} (curse)
MPRegen 0.15/turn               (no ring)

@: on blink cooldown, studying Armour
A: fangs 1, strong nose, distributed training, hooves 1, iridescent scales 1,
clarity
a: Renounce Religion, Shatter the Chains


You were on level 5 of the Dungeon.
You worshipped Ashenzari.
Ashenzari was most pleased with you.
You visited 1 branch of the dungeon, and saw 5 of its levels.

You collected 242 gold pieces.


Innate Abilities, Weirdness & Mutations

You have very sharp teeth.
Your uncanny sense of smell can sniff out nearby items.
Your experience applies equally to all skills.
You have large cloven feet.
You are partially covered in iridescent scales. (AC +2)
You possess an exceptional clarity of mind.


   Skills:
 + Level 3.4 Fighting
 + Level 3.4 Short Blades
 + Level 3.4 Long Blades
 + Level 3.4 Axes
 + Level 3.4 Maces & Flails
 + Level 3.4 Polearms
 + Level 3.4 Staves
 + Level 3.4(6.2) Slings
 + Level 7.4(10.7) Bows
 + Level 3.4(6.2) Crossbows
 + Level 3.4(6.2) Throwing
 + Level 3.4 Armour
 + Level 9.2 Dodging
 + Level 3.4 Stealth
 + Level 3.4 Shields
 + Level 3.4 Unarmed Combat
 + Level 6.1 Spellcasting
 + Level 3.5 Conjurations
 + Level 2.7 Hexes
 + Level 2.7(4.1) Summonings
 + Level 2.7(4.1) Necromancy
 + Level 2.7 Translocations
 + Level 2.7(4.7) Transmutations
 + Level 2.7(4.7) Fire Magic
 + Level 2.7(4.7) Ice Magic
 + Level 2.7(4.7) Air Magic
 + Level 2.7(4.7) Earth Magic
 + Level 2.7(4.7) Poison Magic
 + Level 3.7 Invocations
 + Level 3.4 Evocations


You had 10 spell levels left.
You knew the following spells:

 Your Spells              Type           Power      Damage    Failure   Level
a - Searing Ray           Conj           32%        2d5       4%          2
b - Blink                 Tloc           26%        N/A       7%          2
c - Summon Forest         Summ/Tloc      8%         N/A       65%         5

Your spell library contained the following spells:

 Spells                   Type           Power      Damage    Failure   Level
 Static Discharge         Conj/Air       18%        N/A       3%          2
 Malign Gateway           Summ/Tloc      8%         N/A       100%        7

Inventory:

Hand Weapons
 a - the cursed +2 shortbow of the Fated Chagrin (weapon) {bow, Range, Elem}

   It has a curse which improves the following skills: Ranged Combat: Slings,
   Bows, Crossbows and Throwing.
   Elements:  Fire Magic, Ice Magic, Air Magic and Earth Magic.
 r - a +4 dagger {short}
   (You took it off an orc on level 3 of the Dungeon)
 A - a +7 flail of protection {mace}
   (You took it off Edmund on level 5 of the Dungeon)
Missiles
 e - 68 stones {throwing}
 p - 5 poisoned darts {throwing}
Armour
 b - the cursed +0 helmet of Ashenzari's Seeker (worn) {Range, Alch}

   It has a curse which improves the following skills: Ranged Combat: Slings,
   Bows, Crossbows and Throwing.
   Alchemy:   Poison Magic and Transmutations.
 d - the cursed +0 robe of Desmomancy (worn) {Alch, Range}

   It has a curse which improves the following skills: Alchemy: Poison Magic and
   Transmutations.
   Ranged Combat: Slings, Bows, Crossbows and Throwing.
Jewellery
 f - an amulet of the acrobat
   (You found it on level 1 of the Dungeon)
 o - the cursed ring "Prescient Doubts" (left hand) {rF+, Elem, Comp}
   (You found it on level 1 of the Dungeon)

   [ring of protection from fire]

   rF:        It protects you from fire.
   It has a curse which improves the following skills: Elements: Fire Magic, Ice
   Magic, Air Magic and Earth Magic.
   Companions: Summonings and Necromancy.
 q - a ring of ice
   (You found it on level 2 of the Dungeon)
 x - an amulet of faith {!P}
   (You took it off a kobold on level 4 of the Dungeon)
Wands
 k - a wand of polymorph (6)
   (You took it off Pikel on level 5 of the Dungeon)
 v - a wand of flame (29)
   (You found it on level 4 of the Dungeon)
Scrolls
 h - 7 scrolls of identify {@r1}
 i - 3 scrolls of magic mapping {!r}
 j - 3 scrolls of teleportation {@r4}
 l - a scroll of enchant armour
 m - 2 scrolls of noise {!r}
 w - 2 scrolls of fog
 y - a scroll of holy word
 B - a scroll of immolation {!r!r}
Potions
 c - 4 potions of curing {@q1}
 g - a potion of magic
 n - a potion of cancellation
 s - 2 potions of mutation {!q}
 t - a potion of attraction {!q}
 u - a potion of might
 z - a potion of lignification {!q}

Dungeon Overview and Level Annotations

Branches:
Dungeon (5/15)
 Temple: D:4-7

Altars:
Ashenzari
Vehumet
Zin

Shops:
D:5

! *##.### ###...<..
####.....# ###.#.....## #
##..........#,.##
###....ยง....##....
#................ ,
##.........l.#.# , * ##
##...........@..# * , .#
#...........##...# ,
.###............#.......*
..###..................#
.###...................#
####............ .......
..#............ ,.....##
..#............ ......
.#............. ,


You could see a komodo dragon.


Message History

A komodo dragon comes into view.
The komodo dragon hisses angrily.
A komodo dragon is nearby!
You shoot an arrow.
The arrow completely misses the komodo dragon.
You shoot an arrow.
The arrow hits the komodo dragon but does no damage.
You shoot an arrow.
The arrow hits the komodo dragon but does no damage.
You shoot an arrow.
The arrow hits the komodo dragon but does no damage.
You shoot an arrow.
The arrow hits the komodo dragon but does no damage.
You shoot an arrow.
The arrow hits the komodo dragon but does no damage.
The komodo dragon bites you. ๐Ÿ˜• HP[-2]
You take 2 damage, and now have 56/58 hp.
You shoot an arrow.
The arrow completely misses the komodo dragon.
The komodo dragon bites you but does no damage.
You shoot an arrow.
The arrow hits the komodo dragon but does no damage.
The komodo dragon misses you.
You shoot an arrow. The arrow hits the komodo dragon!
The komodo dragon bites you. ๐Ÿ˜• HP[-6]
You take 6 damage, and now have 50/58 hp.
You are too injured to fight recklessly!
You are too injured to fight recklessly!
You are too injured to fight recklessly!
You are too injured to fight recklessly!
You are too injured to fight recklessly!
You are too injured to fight recklessly!
You are too injured to fight recklessly!
You are too injured to fight recklessly!
You are too injured to fight recklessly!
You are too injured to fight recklessly!
Casting: Blink (safe; 7% risk of failure)
Confirm with . or Enter, or press ? or * to list all spells.
You blink. ๐Ÿ˜• MP[-2]
You lost 2 mp, and now have 15/17 mp.
Unknown command.
Unknown command.
Shoot: a) +2 shortbow of the Fated Chagrin {bow, Range, Elem} (curse)
Press: ? - help, Q - select action, (/) - cycle Shift-Dir - straight line, f/p - komodo dragon
Aim: a komodo dragon (moderately wounded, 72% to hit)
You shoot an arrow.
The arrow hits the komodo dragon but does no damage. ๐Ÿ˜• HP[+1] Shoot: a) +2 shortbow of the Fated Chagrin {bow, Range, Elem} (curse)
Press: ? - help, Q - select action, (/) - cycle Shift-Dir - straight line, f/p - komodo dragon
Aim: a komodo dragon (moderately wounded, 72% to hit)
You shoot an arrow. The arrow hits the komodo dragon!
The komodo dragon bites you!!
* * * LOW HITPOINT WARNING * * *
๐Ÿ˜จ HP[-22]
You take 22 damage, and now have 29/58 hp.
MASSIVE DAMAGE!! (PAUSE) Shoot: a) +2 shortbow of the Fated Chagrin {bow, Range, Elem} (curse)
Press: ? - help, Q - select action, (/) - cycle Shift-Dir - straight line, f/p - komodo dragon
Aim: a komodo dragon (heavily wounded, 72% to hit)
You shoot an arrow.
The arrow closely misses the komodo dragon.
The komodo dragon barely misses you.
Shoot: a) +2 shortbow of the Fated Chagrin {bow, Range, Elem} (curse)
Press: ? - help, Q - select action, (/) - cycle Shift-Dir - straight line, f/p - komodo dragon
Aim: a komodo dragon (heavily wounded, 72% to hit)
You shoot an arrow.
The arrow barely misses the komodo dragon.
Shoot: a) +2 shortbow of the Fated Chagrin {bow, Range, Elem} (curse)
Press: ? - help, Q - select action, (/) - cycle Shift-Dir - straight line, f/p - komodo dragon
Aim: a komodo dragon (heavily wounded, 72% to hit)
You shoot an arrow.
The arrow hits the komodo dragon but does no damage.
You feel stable enough to blink again. The komodo dragon closely misses you.
Casting: Blink (safe; 7% risk of failure)
Confirm with . or Enter, or press ? or * to list all spells.
You blink. ๐Ÿ˜จ MP[-1]
You lost 1 mp, and now have 14/17 mp.
Unknown command.
Unknown command.
Unknown command.
Shoot: a) +2 shortbow of the Fated Chagrin {bow, Range, Elem} (curse)
Press: ? - help, Q - select action, (/) - cycle Shift-Dir - straight line, f/p - komodo dragon
Aim: a komodo dragon (heavily wounded, 72% to hit)
You shoot an arrow.
The arrow completely misses the komodo dragon. ๐Ÿ˜ฎ HP[+1] Shoot: a) +2 shortbow of the Fated Chagrin {bow, Range, Elem} (curse)
Press: ? - help, Q - select action, (/) - cycle Shift-Dir - straight line, f/p - komodo dragon
Aim: a komodo dragon (heavily wounded, 72% to hit)
You shoot an arrow.
The arrow hits the komodo dragon but does no damage.
The komodo dragon bites you!!
Ouch! That really hurt!
You die...

Skill      XL: |  1  2  3  4  5  6  7 |
---------------+----------------------+-----
Conjurations   | 2 3 |  3.5
Spellcasting   | 5 6 |  6.1
Invocations    | 1 2 3 |  3.7
Fighting       | 1 2 3 |  3.4
Short Blades   | 1 2 3 |  3.4
Long Blades    | 1 2 3 |  3.4
Axes           | 1 2 3 |  3.4
Maces & Flails | 1 2 3 |  3.4
Polearms       | 1 2 3 |  3.4
Staves         | 1 2 3 |  3.4
Slings         | 1 2 3 |  3.4
Crossbows      | 1 2 3 |  3.4
Throwing       | 1 2 3 |  3.4
Armour         | 1 2 3 |  3.4
Stealth        | 1 2 3 |  3.4
Shields        | 1 2 3 |  3.4
Unarmed Combat | 1 2 3 |  3.4
Evocations     | 1 2 3 |  3.4
Hexes          | 1 2 |  2.7
Summonings     | 1 2 |  2.7
Necromancy     | 1 2 |  2.7
Translocations | 1 2 |  2.7
Transmutations | 1 2 |  2.7
Fire Magic     | 1 2 |  2.7
Ice Magic      | 1 2 |  2.7
Air Magic      | 1 2 |  2.7
Earth Magic    | 1 2 |  2.7
Poison Magic   | 1 2 |  2.7
Bows           | 7 |  7.4
Dodging        | 9 |  9.2

Action                   |  1- 3 |  4- 6 |  7- 9 || total
-------------------------+-------+-------+-------++-------
Melee: Dagger            |       |     1 |       ||     1
       Unarmed           |       |       |    13 ||    13
 Fire: Shortbow          |    60 |   149 |    61 ||   270
Throw: Boomerang         |       |       |     3 ||     3
 Cast: Searing Ray       |       |     2 |     3 ||     5
       Blink             |       |     7 |    13 ||    20
Invok: Curse Item        |     1 |     3 |       ||     4
Evoke: Wand              |       |       |     3 ||     3
  Use: Potion            |       |     2 |       ||     2
       Scroll            |       |       |     1 ||     1
Armor: Robe              |       |    10 |     4 ||    14
       Skin              |       |       |     4 ||     4
Dodge: Dodged            |     6 |    52 |    36 ||    94

Levels and vault maps discovered:
D:1:      minmay_arrival_widening_spiral_wide, layout_basic,
          dreamdust_ecumenical_altar_drowned_temple
D:2:      layout_rooms, minmay_goblin_kobold_house
D:3:      layout_loops_ring, zin_scriptorium, corexii_shack,
          amcnicky_mini_corridor_feature, st_stairs_1, minmay_misc_feat_doors
D:4:      layout_gridville, nicolae_vehumet_radiance
D:5:      layout_cave_pools, serial_shops, nicolae_stop_n_shop_2, minivault_5,
          minmay_lizard_king, uniq_blork_the_orc, uniq_pikel, uniq_edmund,
          uniq_prince_ribbit1

Notes
Turn   | Place    | Note
-------+----------+-------------------------------------------
     0 | D:1      | spaghetti the Gnoll Wanderer began the quest for the Orb.
     0 | D:1      | spaghetti set off with the following items: a +2 shortbow
                  | {bow}, a +0 helmet, a potion of curing {@q1}, a +0 robe;
                  | and the following spells available to memorise: Searing
                  | Ray, Static Discharge
     0 | D:1      | Reached XP level 1. HP: 13/13 MP: 6/6
     0 | D:1      | magus.rc [v1.9.6]
   101 | D:1      | Reached skill level 2 in Conjurations
   120 | D:1      | You add the spells Blink, Summon Forest and Malign Gateway
                  | to your library.
   120 | D:1      | Got Lom Lobon's Catalogue of Orientation
   163 | D:1      | Reached XP level 2. HP: 19/19 MP: 7/7
   477 | D:1      | Found a faded altar of an unknown god.
   505 | D:1      | Prayed at the altar of an unknown god.
   505 | D:1      | Became a worshipper of Ashenzari the Shackled
   777 | D:2      | Reached XP level 3. HP: 25/25 MP: 9/9
   823 | D:2      | Reached skill level 5 in Spellcasting
   826 | D:2      | Reached skill level 1 in Invocations
   840 | D:2      | Reached skill level 1 in Fighting
   840 | D:2      | Reached skill level 1 in Short Blades
   840 | D:2      | Reached skill level 1 in Long Blades
   840 | D:2      | Reached skill level 1 in Axes
   840 | D:2      | Reached skill level 1 in Maces & Flails
   840 | D:2      | Reached skill level 1 in Polearms
   840 | D:2      | Reached skill level 1 in Staves
   840 | D:2      | Reached skill level 1 in Slings
   840 | D:2      | Reached skill level 1 in Crossbows
   840 | D:2      | Reached skill level 1 in Throwing
   840 | D:2      | Reached skill level 1 in Armour
   840 | D:2      | Reached skill level 1 in Stealth
   840 | D:2      | Reached skill level 1 in Shields
   840 | D:2      | Reached skill level 1 in Unarmed Combat
   840 | D:2      | Reached skill level 1 in Evocations
   892 | D:2      | Reached XP level 4. HP: 32/32 MP: 11/11
  1416 | D:3      | Reached skill level 1 in Hexes
  1416 | D:3      | Reached skill level 1 in Summonings
  1416 | D:3      | Reached skill level 1 in Necromancy
  1416 | D:3      | Reached skill level 1 in Translocations
  1416 | D:3      | Reached skill level 1 in Transmutations
  1416 | D:3      | Reached skill level 1 in Fire Magic
  1416 | D:3      | Reached skill level 1 in Ice Magic
  1416 | D:3      | Reached skill level 1 in Air Magic
  1416 | D:3      | Reached skill level 1 in Earth Magic
  1416 | D:3      | Reached skill level 1 in Poison Magic
  1510 | D:3      | Reached * piety under Ashenzari
  1684 | D:3      | Gained mutation: You are partially covered in iridescent
                  | scales. (AC +2) [potion of mutation]
  1684 | D:3      | Gained mutation: You possess an exceptional clarity of
                  | mind. [potion of mutation]
  1684 | D:3      | Gained mutation: You have large cloven feet. [potion of
                  | mutation]
  1820 | D:3      | Found a glowing silver altar of Zin.
  1916 | D:4      | Reached XP level 5. HP: 36/37 MP: 12/12
  1922 | D:3      | HP: 3/37 [gnoll/+0 flail (9)]
  1932 | D:3      | Learned a level 2 spell: Searing Ray
  1935 | D:3      | Learned a level 2 spell: Blink
  1941 | D:3      | Learned a level 5 spell: Summon Forest
  2506 | D:4      | Reached ** piety under Ashenzari
  2565 | D:4      | Found a radiant altar of Vehumet.
  2773 | D:5      | Entered Level 5 of the Dungeon
  2789 | D:5      | Noticed an orc warrior
  2803 | D:5      | Killed an orc warrior
  2804 | D:5      | Reached skill level 2 in Invocations
  2804 | D:5      | Reached XP level 6. HP: 40/44 MP: 4/14
  2928 | D:5      | Reached skill level 2 in Fighting
  2928 | D:5      | Reached skill level 2 in Short Blades
  2928 | D:5      | Reached skill level 2 in Long Blades
  2928 | D:5      | Reached skill level 2 in Axes
  2928 | D:5      | Reached skill level 2 in Maces & Flails
  2928 | D:5      | Reached skill level 2 in Polearms
  2928 | D:5      | Reached skill level 2 in Staves
  2928 | D:5      | Reached skill level 2 in Slings
  2928 | D:5      | Reached skill level 2 in Crossbows
  2928 | D:5      | Reached skill level 2 in Throwing
  2928 | D:5      | Reached skill level 2 in Armour
  2928 | D:5      | Reached skill level 2 in Stealth
  2928 | D:5      | Reached skill level 2 in Shields
  2928 | D:5      | Reached skill level 2 in Unarmed Combat
  2928 | D:5      | Reached skill level 2 in Evocations
  2945 | D:5      | Reached *** piety under Ashenzari
  3053 | D:5      | Noticed Blork the orc
  3068 | D:5      | Killed Blork the orc
  3069 | D:5      | Reached XP level 7. HP: 47/50 MP: 11/15
  3112 | D:5      | Noticed Pikel
  3165 | D:5      | Identified the cursed +2 shortbow of the Fated Chagrin
                  | {bow, Range, Elem}
  3165 | D:5      | Identified the cursed +0 helmet of Ashenzari's Seeker
                  | {Range, Alch}
  3165 | D:5      | Identified the cursed +0 robe of Desmomancy {Alch, Range}
  3165 | D:5      | Identified the cursed ring "Prescient Doubts" {rF+, Elem,
                  | Comp} (You found it on level 1 of the Dungeon)
  3174 | D:5      | Noticed Prince Ribbit
  3174 | D:5      | Found Fodd's Distillery.
  3192 | D:5      | Killed Prince Ribbit
  3193 | D:5      | Reached skill level 7 in Bows
  3193 | D:5      | Reached skill level 3 in Conjurations
  3193 | D:5      | Reached skill level 2 in Hexes
  3193 | D:5      | Reached skill level 2 in Summonings
  3193 | D:5      | Reached skill level 2 in Necromancy
  3193 | D:5      | Reached skill level 2 in Translocations
  3193 | D:5      | Reached skill level 2 in Transmutations
  3193 | D:5      | Reached skill level 2 in Fire Magic
  3193 | D:5      | Reached skill level 2 in Ice Magic
  3193 | D:5      | Reached skill level 2 in Air Magic
  3193 | D:5      | Reached skill level 2 in Earth Magic
  3193 | D:5      | Reached skill level 2 in Poison Magic
  3354 | D:5      | Noticed Edmund
  3459 | D:5      | Killed Edmund
  3460 | D:5      | Reached skill level 9 in Dodging
  3460 | D:5      | Reached skill level 3 in Invocations
  3650 | D:5      | Killed Pikel
  3651 | D:5      | Reached skill level 3 in Fighting
  3651 | D:5      | Reached skill level 3 in Short Blades
  3651 | D:5      | Reached skill level 3 in Long Blades
  3651 | D:5      | Reached skill level 3 in Axes
  3651 | D:5      | Reached skill level 3 in Maces & Flails
  3651 | D:5      | Reached skill level 3 in Polearms
  3651 | D:5      | Reached skill level 3 in Staves
  3651 | D:5      | Reached skill level 3 in Slings
  3651 | D:5      | Reached skill level 3 in Crossbows
  3651 | D:5      | Reached skill level 3 in Throwing
  3651 | D:5      | Reached skill level 3 in Armour
  3651 | D:5      | Reached skill level 3 in Stealth
  3651 | D:5      | Reached skill level 3 in Shields
  3651 | D:5      | Reached skill level 3 in Unarmed Combat
  3651 | D:5      | Reached skill level 6 in Spellcasting
  3651 | D:5      | Reached skill level 3 in Evocations
  3651 | D:5      | Reached XP level 8. HP: 22/58 MP: 9/17
  3989 | D:5      | Noticed a komodo dragon
  4007 | D:5      | Slain by a komodo dragon

Vanquished Creatures
  Pikel (D:5)
  Prince Ribbit (D:5)
  Edmund (D:5)
  An orc warrior (D:5)
  A black bear (D:5)
  A centaur (D:5)
  Blork the orc (D:5)
  A hound (D:5)
  A jelly (D:5)
  An orc wizard (D:5)
  4 gnolls
  5 adders
  2 worms
  A dart slug (D:3)
  5 orcs
  5 endoplasms
  5 giant cockroaches
  7 goblins
  4 hobgoblins
  2 quokkas
  5 ball pythons
  5 bats
  2 frilled lizards
  5 kobolds
  7 rats
  A spectral kobold (D:1)
75 creatures vanquished.

Table legend:
 A = Non-vault XP
 B = Vault XP
 C = Vault XP percentage of total XP
 D = Non-vault monster count
 E = Vault monster count
 F = Vault count percentage of total count
                 A         B        C        D         E       F
            +---------+---------+-------+---------+---------+-------
      Total |     711 |    1149 |  61.8 |      68 |       7 |   9.3
            +---------+---------+-------+---------+---------+-------
        D:1 |      30 |       1 |   3.2 |      19 |       1 |   5.0
        D:2 |      64 |       0 |   0.0 |      11 |       0 |   0.0
        D:3 |      57 |       3 |   5.0 |      20 |       2 |   9.1
        D:4 |      57 |       0 |   0.0 |       9 |       0 |   0.0
        D:5 |     503 |    1145 |  69.5 |       9 |       4 |  30.8
            +---------+---------+-------+---------+---------+-------

Illustrated notes

Table legend:
 A = Kills in this place as a percentage of kills in entire the game.
 B = Kills by you in this place as a percentage of kills by you in the entire game.
 C = Kills by friends in this place as a percentage of kills by friends in the entire game.
 D = Other kills in this place as a percentage of other kills in the entire game.
 E = Experience gained in this place as a percentage of experience gained in the entire game.
 F = Experience gained in this place divided by the number of levels of this place that you have seen.
                   A       B       C       D       E      F
               +-------+-------+-------+-------+-------+----------------------
         Total | 100.0 | 100.0 |   N/A |   N/A | 100.0 | 372.0
       Dungeon | 100.0 | 100.0 |   N/A |   N/A | 100.0 | 372.0
               +-------+-------+-------+-------+-------+----------------------

Table legend: (Time is in decaauts)
 A = Elapsed time spent in this place.
 B = Non-inter-level travel time spent in this place.
 C = Inter-level travel time spent in this place.
 D = Time resting spent in this place.
 E = Time spent auto-exploring this place.
 F = Levels seen in this place.
 G = Mean time per level.
                   A        B        C        D        E       F      G
               +--------+--------+--------+--------+--------+-----+--------+
         Total |   4021 |   3920 |    101 |    602 |   2685 |   5 |  804.2 |
       Dungeon |   4021 |   3920 |    101 |    602 |   2685 |   5 |  804.2 |
               +--------+--------+--------+--------+--------+-----+--------+

Top non-repeatable levels by time:
     D:3: 1186 daAuts
     D:5: 1163 daAuts
     D:1: 759 daAuts
     D:4: 722 daAuts
     D:2: 190 daAuts
